Map: Oblivion Express

Players

Yuriprime

  • Race: Terran Terran
  • Spawn Location: 12:00

LilArrin

  • Race: Terran Terran
  • Spawn Location: 0:00

VOD

Have the link to the VOD?

Description

Time

  • Played on: Jan. 19, 2018, 12:55 a.m.
  • Length: 23:18
Show
View Real Time Build Order
Export as new Build Order

Yuriprime Terran 

Build Orders:  

Get SALT Encoding   

  12  0:03  SCV  
  13  0:20  SCV  
  14  0:30  Refinery  
  14  0:37  SCV  
  15  0:45  Refinery  
  15  0:54  SCV  
  16  1:11  SCV  
  17  1:28  SCV  
  18  1:49  SCV  
  19  1:53  Command Center  
  19  2:06  Barracks  
  19  2:11  SCV  
  20  2:28  SCV  
  21  2:45  SCV  
  22  3:02  SCV  
  23  3:19  Elite Marine  
  27  3:31  SCV  
  28  3:43  Factory  
  28  3:47  Refinery  
  28  3:48  SCV  
  29  3:53  SCV  
  30  4:05  SCV  
  31  4:10  Refinery, SCV  
  32  4:22  SCV  
  32  4:27  SCV  
  34  4:39  SCV  
  35  4:41  Ghost Visor  
  35  4:43  Barracks Tech Lab  
  35  4:44  SCV, Factory Tech Lab  
  36  4:57  SCV  
  37  5:26  Caduceus Reactor  
  37  5:28  SCV x2  
  39  5:45  SCV  
  40  6:00  SCV  
  40  6:08  Starport  
  41  6:11  Engineering Bay  
  41  6:14  Armory  
  41  6:15  Ares-Class Targeting System  
  41  6:45  Spider Mines  
  41  6:55  Terran Infantry Weapons Level 1  
  41  6:59  Heavy Siege Tank  
  47  7:23  Starport Tech Lab  
  47  7:53  Refinery  
  47  8:09  Smart Servos  
  47  8:16  Raid Liberator  
  53  8:48  Terran Vehicle and Ship Weapons Level 1  
  53  8:54  Raid Artillery  
  53  9:04  Operational Efficiency  
  53  10:04  Infernal Projectiles  
  53  10:07  Heavy Siege Tank  
  59  10:37  Defensive Drone  
  59  11:18  Defensive Drone  
  59  12:00  Raid Liberator  
  63  13:27  Terran Vehicle and Ship Weapons Level 2  
  63  13:58  Elite Marine  
  66  14:00  Elite Marine  
  70  14:43  SCV  
  71  14:59  Heavy Siege Tank  
  77  15:00  SCV  
  78  15:25  Railgun Turret  
  78  15:26  Railgun Turret  
  78  15:41  Railgun Turret  
  78  15:42  Railgun Turret  
  78  16:33  Terran Infantry Weapons Level 2  
  78  16:35  Refinery  
  78  17:00  Raid Liberator  
  83  18:23  Terran Vehicle and Ship Weapons Level 3  
  83  18:30  Defensive Drone  
  83  19:04  Griffin Airstrike  
  83  19:52  Heavy Siege Tank  
  89  21:59  Raid Liberator  
  95  22:23  Griffin Airstrike  
  95  23:05  Griffin Airstrike  
Show
View Real Time Build Order
Export as new Build Order

LilArrin Terran 

Build Orders:  

Get SALT Encoding   

  12  0:03  SCV  
  13  0:20  SCV  
  13  0:28  Supply Depot  
  14  0:37  SCV  
  15  0:54  SCV  
  16  1:11  SCV  
  17  1:27  Command Center  
  17  1:30  SCV  
  18  1:47  SCV  
  19  1:51  Barracks  
  19  2:04  SCV  
  20  2:25  Orbital Command  
  20  2:50  Command Center  
  20  3:01  SCV  
  20  3:07  Orbital Command  
  21  3:16  Refinery  
  21  3:18  SCV  
  22  3:23  Refinery  
  22  3:35  SCV  
  23  3:44  SCV  
  24  3:50  Combat Shields  
  24  3:52  SCV  
  24  3:53  Orbital Command  
  25  4:00  Command Center  
  25  4:03  Barracks Tech Lab  
  25  4:12  SCV  
  26  4:30  SCV  
  26  4:31  Orbital Command  
  26  4:38  SCV  
  28  4:55  SCV  
  28  4:56  Command Center  
  29  5:02  Refinery  
  29  5:04  SCV  
  30  5:10  SCV  
  30  5:12  SCV  
  32  5:21  SCV  
  33  5:32  Command Center  
  33  5:38  SCV  
  34  5:47  Orbital Command  
  34  5:49  SCV  
  35  5:51  SCV  
  36  6:06  Barracks  
  36  6:08  Barracks  
  36  6:22  SCV, Factory  
  36  6:27  Engineering Bay  
  36  6:29  Engineering Bay  
  37  6:47  Barracks Reactor  
  37  6:48  Medic, Orbital Command, Barracks Reactor  
  37  6:53  SCV  
  37  6:56  SCV x2  
  37  6:58  Marine  
  42  7:03  SCV  
  42  7:06  Terran Infantry Weapons Level 1, Terran Infantry Armor Level 1  
  42  7:08  Marine  
  44  7:18  Orbital Command, Marine  
  44  7:19  Barracks  
  45  7:25  Factory Tech Lab  
  45  7:28  Marine  
  45  7:29  SCV  
  47  7:30  Barracks  
  47  7:36  Armory  
  47  7:39  Stabilizer Medpacks  
  48  7:42  Marine x2  
  48  7:43  Medic, Marine x2  
  48  7:49  SCV  
  55  7:51  Replenishable Magazine  
  55  7:52  Marine x2  
  57  8:02  Barracks Reactor  
  57  8:04  Barracks Reactor, Marine  
  57  8:05  Marine x3  
  57  8:08  Marine  
  61  8:15  Marine x4  
  61  8:18  Marine  
  66  8:25  Marine x4  
  66  8:28  SCV x3  
  66  8:29  Marine  
  74  8:35  Marine x3  
  74  8:36  Marine  
  74  8:38  Concussive Shells  
  74  8:39  Medic  
  78  8:45  Marine x2  
  78  8:46  Marine x2  
  78  8:49  Marine  
  76  8:51  Cerberus Mines  
  76  8:55  Marine x2  
  76  8:56  Marine x4  
  76  8:57  Marine x2  
  76  8:59  Medic  
  77  9:05  Marine  
  77  9:06  Marine x5  
  77  9:09  Medic  
  86  9:12  Afterburners  
  86  9:13  Marine x2  
  86  9:16  Marine x2  
  57  9:20  Medic  
  92  9:25  Marine  
  92  9:26  Marine x2  
  92  9:28  Marine x2  
  96  9:38  Marine x2, Supply Depot  
  96  9:39  Medic, Marine x4  
  98  9:40  Supply Depot  
  98  9:41  Marine x2  
  98  9:42  Supply Depot  
  98  9:49  Medic  
  106  9:50  Marine x2, Terran Infantry Weapons Level 2  
  109  10:00  Marine x2  
  109  10:03  Marine  
  109  10:04  Marine  
  109  10:08  Marine  
  110  10:11  Terran Vehicle and Ship Weapons Level 1  
  110  10:18  Marine  
  110  10:19  Marine x5  
  101  10:20  Marine  
  101  10:25  Vulture x2, Terran Infantry Armor Level 2  
  101  10:29  Marine x3  
  109  10:30  Marauder x2, Marine  
  109  10:33  Marine x2  
  109  10:35  Vulture  
  109  10:36  Vulture  
  122  10:44  Marine  
  122  10:58  Medic, Marine x6, Supply Depot  
  122  11:00  Vulture x2, Supply Depot, Marine  
  122  11:08  Marine x3  
  138  11:23  Marine  
  138  11:26  Marine x2, Marauder, Supply Depot, Vulture x2  
  138  11:28  Marine x3, Supply Depot  
  146  11:30  Supply Depot  
  146  11:33  Medic  
  146  11:36  Vulture x2  
  146  11:39  Medic  
  153  11:43  Medic  
  153  11:46  Vulture x2  
  153  11:49  Medic  
  158  11:54  Marine  
  158  11:55  Marine x3  
  158  11:56  Marauder  
  73  12:00  Marauder  
  162  12:04  Supply Depot  
  162  12:06  Supply Depot  
  162  12:07  Supply Depot  
  162  12:15  Marine x2  
  75  12:20  Marine x3  
  164  12:22  Marine x3  
  164  12:25  Marine  
  164  12:26  Marine  
  164  12:27  Vulture x2  
  172  12:33  Marauder x2  
  172  12:35  Marine x3  
  181  12:43  Marine  
  181  12:45  Medic, Marauder  
  184  12:55  Medic  
  186  13:27  Medic, Vulture x2, Supply Depot  
  186  13:28  Marauder  
  186  13:29  Supply Depot  
  186  13:37  Vulture x2  
  194  13:42  Marine x2  
  200  13:53  Terran Infantry Weapons Level 3  
  200  13:54  Terran Infantry Armor Level 3  
  195  14:07  Barracks  
  188  14:24  Marine x2  
  190  14:33  Medic x2  
  190  14:34  Marine x2  
  196  14:43  Medic x2  
  200  14:53  Barracks Tech Lab  
  200  14:54  Marauder x2  
  200  14:55  Terran Vehicle and Ship Weapons Level 2  
  200  14:58  Marine  
  200  14:59  Marine x4  
  166  15:20  Marine x2  
  166  15:21  Marine  
  166  15:22  Marine x2  
  166  15:23  Medic, Marauder  
  174  15:40  Marine  
  174  15:41  Marine x2  
  174  15:42  Marauder  
  179  15:56  Marine x4  
  179  15:57  Medic  
  183  16:22  Marine x3  
  183  16:23  Marauder x2  
  189  16:33  Marine  
  189  16:34  Marine  
  189  16:36  Marine x2  
  189  16:37  Marauder, Marine  
  194  16:53  Marine x2  
  194  16:59  Marine x2  
  196  17:34  Marine x2  
  196  17:35  Marine  
  196  17:38  Marine  
  200  18:59  Terran Vehicle and Ship Weapons Level 3  
  200  20:06  Marine  
  200  20:16  Marauder  
  200  20:27  Marine  
  200  20:28  Marine  
  200  21:36  Marine x3  
  200  21:37  Marine x5  
  200  21:38  Marine  
  194  21:46  Marine  
  200  22:07  Marine x2  
  200  22:08  Marine x4  
  200  22:09  Marauder  
  196  22:44  Marauder  
  196  22:45  Marauder  
  196  22:46  Marauder  
Tags
 
Commander
NovaRaynor
Matchup
Co-op
Replay Pack
Co-op Speedrun
Add a new tag
Caveats
  • Supply blocks, unpowered buildings, or Contaminate may cause inaccurate times.
  • Supply counts are checked every 10 seconds.